Map: Thunderbird LE

Players

BackupJ

  • Race: Protoss Protoss
  • Spawn Location: 5:00

souL - Winner!

  • Race: Terran Terran
  • Spawn Location: 11:00

VOD

Have the link to the VOD?

Description

Time

  • Played on: Sept. 6, 2019, 1:51 p.m.
  • Length: 22:29
Show
View Real Time Build Order
Export as new Build Order

BackupJ Protoss 

Build Orders: 1 Gate Expand, Oracle Opening 

Get SALT Encoding   

  12  0:00  Probe  
  13  0:12  Probe  
  14  0:17  Pylon  
  14  0:22  Probe  
  15  0:31  Probe  
  16  0:36  Gateway  
  16  0:39  Probe  
  16  0:45  Assimilator  
  17  0:51  Probe  
  18  1:03  Probe  
  19  1:15  Probe  
  20  1:22  Nexus  
  20  1:31  Cybernetics Core  
  20  1:35  Probe  
  21  1:40  Assimilator  
  21  1:47  Probe  
  21  1:50  Pylon  
  22  1:56  Probe  
  22  1:58  Adept  
  23  2:04  Probe  
  26  2:14  Probe  
  26  2:16  Stargate  
  27  2:26  Probe  
  27  2:28  Adept  
  30  2:34  Probe  
  30  2:36  Probe  
  32  2:44  Probe  
  32  2:46  Probe  
  34  2:52  Oracle  
  34  2:53  Probe  
  35  2:58  Probe  
  35  3:03  Pylon  
  35  3:04  Probe  
  40  3:11  Probe  
  41  3:16  Probe  
  42  3:23  Probe  
  43  3:28  Oracle, Probe  
  43  3:29  Pylon  
  47  3:35  Probe  
  47  3:40  Gateway  
  47  3:41  Probe  
  49  3:42  Gateway  
  49  3:47  Probe  
  50  3:54  Probe  
  49  3:59  Probe  
  48  4:03  Warp Gate  
  48  4:05  Oracle  
  48  4:06  Probe  
  48  4:09  Nexus  
  52  4:12  Probe  
  52  4:15  Stalker  
  52  4:16  Pylon  
  53  4:18  Probe, Assimilator  
  53  4:20  Assimilator  
  54  4:27  Probe  
  54  4:30  Probe  
  58  4:31  Stalker  
  58  4:32  Stalker  
  62  4:41  Twilight Council  
  62  4:44  Forge  
  62  4:46  Probe x2  
  64  4:54  Stalker  
  64  4:58  Probe x2  
  64  4:59  Pylon  
  68  5:01  Protoss Ground Armor Level 1  
  68  5:10  Probe x2, Charge  
  70  5:16  Pylon  
  70  5:21  Probe  
  71  5:22  Probe x2  
  71  5:26  Templar Archives  
  73  5:32  Assimilator  
  73  5:33  Probe  
  73  5:34  Probe x2  
  76  5:36  Assimilator  
  76  5:41  Forge  
  76  5:42  Robotics Facility  
  76  5:45  Pylon, Probe  
  76  5:46  Probe x2  
  79  5:55  Zealot, Sentry x2  
  85  5:57  Probe  
  85  5:59  Psionic Storm  
  85  6:00  Nexus  
  85  6:01  Probe  
  85  6:02  Probe  
  88  6:05  Pylon  
  88  6:12  Probe  
  88  6:13  Probe  
  90  6:22  Protoss Ground Weapons Level 1  
  90  6:23  Probe  
  90  6:24  Probe  
  92  6:28  Pylon  
  92  6:30  Observer  
  92  6:31  High Templar  
  95  6:35  Probe x2, Gateway, High Templar  
  95  6:36  Gateway  
  95  6:38  Probe  
  95  6:39  Gateway  
  100  6:45  High Templar, Blink  
  102  6:47  Probe  
  102  6:48  Probe  
  102  6:52  Pylon  
  104  6:56  Warp Prism  
  104  6:57  Gateway x2, Probe  
  104  6:59  Pylon, Probe  
  106  7:01  Pylon  
  106  7:04  High Templar  
  106  7:05  Probe  
  111  7:10  Probe  
  111  7:13  Probe  
  113  7:17  Zealot  
  113  7:21  Protoss Ground Armor Level 2  
  115  7:25  Probe x3  
  118  7:30  Assimilator  
  118  7:32  Pylon  
  118  7:33  Immortal  
  118  7:35  Assimilator  
  122  7:39  Probe  
  122  7:42  Zealot x3, High Templar x2  
  133  7:49  Robotics Bay  
  134  7:53  Robotics Facility  
  134  7:58  Zealot  
  135  8:02  Stalker x2  
  135  8:03  Stalker x2  
  131  8:06  Probe  
  132  8:17  Archon  
  132  8:20  Shield Battery  
  132  8:21  Photon Cannon, Probe x2  
  132  8:22  Probe  
  132  8:25  Colossus  
  135  8:27  Colossus  
  129  8:37  Probe  
  129  8:38  Stalker x2  
  129  8:39  Phoenix  
  140  8:49  Probe  
  140  8:52  Probe x3  
  140  8:55  Pylon  
  143  8:58  Extended Thermal Lance, Nexus  
  143  9:00  Pylon, High Templar  
  143  9:01  Probe  
  146  9:04  Probe  
  146  9:06  Zealot x3, Protoss Ground Weapons Level 2  
  153  9:10  Probe  
  153  9:14  Probe  
  155  9:24  Photon Cannon  
  155  9:26  Photon Cannon  
  155  9:30  Probe x2  
  155  9:31  Colossus x2  
  157  9:44  Pylon  
  157  9:45  Probe x2  
  171  9:49  Pylon, Probe  
  172  9:56  Pylon  
  172  10:02  Probe  
  173  10:11  Fleet Beacon  
  173  10:13  Stargate  
  170  10:19  High Templar x2  
  174  10:23  Photon Cannon  
  174  10:24  Photon Cannon  
  174  10:25  Observer x2, Photon Cannon x2  
  175  10:29  High Templar  
  175  10:30  Shield Battery  
  175  10:33  Probe x3  
  175  10:34  Probe x2  
  174  10:36  Protoss Ground Armor Level 3  
  174  10:45  Probe x3  
  174  10:46  Probe x2  
  174  10:47  Tempest  
  179  10:56  Tempest  
  179  10:57  Protoss Air Weapons Level 1, Probe x2  
  179  11:04  Probe x2, Assimilator  
  188  11:06  Assimilator  
  193  11:12  Pylon  
  193  11:15  Stalker x4  
  188  11:24  Zealot x4  
  172  11:40  Tempest x2  
  172  11:41  Probe x3  
  172  11:42  Probe  
  172  11:44  Probe  
  185  11:50  Observer x2  
  187  11:57  Photon Cannon, Protoss Ground Weapons Level 3, Probe x2  
  187  11:59  Photon Cannon  
  187  12:00  Shield Battery  
  189  12:02  Photon Cannon  
  189  12:09  Stargate  
  189  12:11  Stargate  
  189  12:15  Zealot  
  191  12:19  Dark Shrine  
  191  12:20  High Templar  
  191  12:22  Gateway  
  193  12:24  Gateway  
  193  12:26  Observer  
  193  12:28  Observer, Zealot x3  
  197  12:54  Pylon  
  193  13:02  Tempest  
  198  13:06  Protoss Air Weapons Level 2  
  192  13:18  Photon Cannon  
  192  13:20  Photon Cannon, High Templar x2  
  192  13:22  Photon Cannon  
  192  13:25  Photon Cannon  
  192  13:26  Shield Battery  
  196  13:27  Protoss Shields Level 1  
  196  13:28  Photon Cannon, Shield Battery  
  196  13:30  Pylon  
  196  13:34  Photon Cannon  
  185  14:00  Colossus x2  
  190  14:03  Tempest x2  
  180  14:45  Zealot x3  
  180  14:46  Zealot x5  
  156  14:53  Zealot x2  
  152  15:01  Colossus x2, Probe  
  152  15:03  Tempest x4  
  185  15:09  Probe x2  
  185  15:14  Pylon  
  185  15:16  Observer  
  185  15:17  Pylon  
  185  15:18  Sentry x2  
  185  15:19  Stalker x3  
  195  15:33  High Templar x2  
  199  16:01  Nexus  
  199  16:07  Pylon x2  
  199  16:09  Photon Cannon  
  199  16:12  Photon Cannon  
  193  16:20  Tempest  
  198  16:25  Archon  
  198  16:26  Archon  
  158  16:35  Zealot x3  
  158  16:36  Zealot x4  
  166  16:41  Archon  
  166  16:43  Zealot x3  
  166  16:46  Tempest x2  
  122  17:02  Observer x2  
  122  17:05  High Templar x3, Tempest x2  
  122  17:07  High Templar  
  142  17:16  Photon Cannon  
  142  17:18  Photon Cannon, High Templar  
  142  17:20  Photon Cannon, Assimilator  
  142  17:22  Photon Cannon, Probe x3, Assimilator  
  147  17:28  Tempest  
  147  17:29  Zealot  
  154  17:30  Photon Cannon  
  154  17:32  Dark Templar  
  154  17:33  Pylon  
  154  17:36  Pylon  
  156  17:39  Tempest  
  156  17:41  Zealot x5  
  156  17:43  Zealot x7  
  168  17:56  Colossus x2  
  177  18:06  Observer  
  177  18:14  Nexus  
  177  18:16  Photon Cannon  
  177  18:19  Photon Cannon  
  177  18:21  Photon Cannon  
  177  18:35  Archon  
  177  18:36  High Templar x4  
  177  18:40  Archon x2  
  185  18:44  Zealot x4  
  193  18:50  Observer  
  194  18:57  Stalker x2  
  198  19:10  Zealot  
  198  19:14  Photon Cannon  
  198  19:28  Stalker  
  195  20:00  Nexus  
  195  20:01  High Templar x2  
  193  20:13  Archon x2  
  189  20:15  High Templar x2  
  189  20:18  Tempest  
  189  20:20  Disruptor  
  157  20:26  Archon  
  116  20:29  Stalker x4  
  116  20:30  Disruptor  
  97  20:40  Tempest x2  
  101  20:49  Pylon  
  101  20:50  High Templar  
  101  20:51  High Templar x3  
  101  20:56  Pylon  
  109  21:00  High Templar x2  
  109  21:14  Stalker x4  
  109  21:15  Disruptor  
  116  21:29  Disruptor  
  119  21:35  Observer  
  122  21:43  Probe x2  
  122  21:45  Probe  
  122  21:46  High Templar  
  127  21:47  Pylon  
  127  21:49  Probe  
  127  21:50  Probe  
  129  22:00  Archon  
  128  22:01  Archon  
  128  22:05  Stalker x2  
  85  22:24  Dark Templar  
Show
View Real Time Build Order
Export as new Build Order

souL Terran - Winner!

Build Orders: Gas First Reaper Expand 

Get SALT Encoding   

  12  0:00  SCV  
  13  0:13  SCV  
  14  0:17  Supply Depot  
  14  0:25  SCV  
  14  0:28  Refinery  
  15  0:38  SCV  
  16  0:45  Barracks  
  16  0:50  SCV  
  17  1:02  SCV  
  18  1:15  SCV  
  19  1:32  Orbital Command, Reaper  
  20  1:50  Command Center  
  20  1:56  Factory  
  20  1:59  SCV  
  21  2:06  Barracks Reactor  
  21  2:09  Supply Depot  
  21  2:12  SCV  
  22  2:18  Refinery  
  22  2:25  SCV  
  24  2:37  SCV  
  24  2:43  Starport  
  24  2:44  Marine x2  
  23  2:47  Hellion  
  23  2:49  SCV  
  28  3:01  SCV  
  28  3:02  Marine x2  
  31  3:07  Orbital Command  
  31  3:10  Factory Tech Lab  
  31  3:13  SCV  
  31  3:19  Marine  
  32  3:25  Viking, SCV  
  36  3:30  Cyclone  
  40  3:36  Marine  
  40  3:37  SCV  
  40  3:41  SCV  
  42  3:43  Supply Depot, Marine  
  43  3:50  SCV  
  43  3:54  Marine  
  42  4:00  SCV  
  42  4:01  Marine  
  44  4:05  SCV  
  45  4:12  SCV  
  45  4:14  Supply Depot  
  46  4:17  SCV  
  46  4:21  Cyclone  
  46  4:22  Starport Tech Lab  
  46  4:24  Command Center, SCV  
  48  4:29  SCV  
  50  4:33  Marine x2  
  50  4:36  SCV  
  53  4:40  Bunker  
  53  4:41  SCV  
  53  4:43  Refinery  
  53  4:44  Raven, Refinery  
  56  4:49  SCV  
  56  4:51  Supply Depot  
  55  4:53  SCV  
  56  5:01  SCV  
  56  5:05  SCV  
  56  5:06  Factory Reactor  
  58  5:07  Barracks  
  58  5:08  Barracks  
  58  5:13  Stimpack, Marine, SCV  
  60  5:18  SCV  
  61  5:25  Supply Depot, SCV  
  62  5:30  SCV  
  62  5:31  Marine  
  64  5:36  Engineering Bay  
  64  5:37  Orbital Command, SCV  
  64  5:38  Engineering Bay  
  64  5:41  Starport Reactor  
  64  5:42  SCV  
  66  5:48  Widow Mine x2, Supply Depot  
  66  5:49  SCV  
  71  5:54  SCV  
  72  5:59  Marauder, Marine x2  
  72  6:01  SCV  
  72  6:02  Orbital Command  
  78  6:06  Combat Shield, SCV  
  78  6:08  Marauder  
  80  6:13  Supply Depot  
  80  6:16  Marine  
  80  6:18  SCV  
  80  6:21  Marauder  
  80  6:25  SCV  
  81  6:26  Medivac  
  81  6:27  Terran Infantry Weapons Level 1  
  81  6:29  Marauder  
  81  6:30  SCV  
  81  6:32  SCV  
  87  6:37  SCV  
  87  6:38  Missile Turret  
  88  6:42  Marauder, Medivac, SCV  
  88  6:44  SCV  
  88  6:46  Widow Mine  
  96  6:49  SCV  
  96  6:50  Marauder, Marine  
  100  6:54  SCV  
  100  6:56  SCV  
  100  6:59  Supply Depot, Marine  
  103  7:01  SCV  
  103  7:02  Missile Turret  
  103  7:03  Medivac  
  103  7:04  Marauder  
  103  7:06  SCV  
  109  7:08  Terran Infantry Armor Level 1  
  109  7:20  Medivac, SCV, Marine x2  
  109  7:21  Marauder  
  109  7:22  Supply Depot x2  
  116  7:23  SCV  
  116  7:25  Concussive Shells  
  117  7:36  Barracks  
  117  7:37  Barracks  
  117  7:40  SCV  
  117  7:44  Widow Mine x2, Marauder x2, Marine, SCV x2  
  125  7:47  Supply Depot  
  125  7:48  Supply Depot  
  125  7:49  Armory  
  125  7:51  Refinery x2  
  128  7:56  SCV  
  129  8:02  Marine  
  129  8:03  Marine  
  129  8:04  SCV  
  132  8:09  Widow Mine x2, Marauder x2  
  140  8:16  Ghost Academy  
  140  8:19  Marine  
  140  8:21  SCV  
  142  8:27  SCV  
  142  8:30  Supply Depot  
  142  8:32  Supply Depot x2  
  144  8:39  Widow Mine x2  
  145  8:44  Medivac  
  146  8:49  Barracks Tech Lab, Barracks Reactor  
  146  8:51  SCV  
  146  8:52  Barracks  
  146  8:53  Barracks, Enhanced Shockwaves  
  146  8:54  Barracks  
  147  8:57  Medivac  
  150  9:03  Ghost x2  
  150  9:04  Terran Infantry Armor Level 2, Terran Infantry Weapons Level 2, Marine  
  150  9:06  SCV x2  
  150  9:07  SCV  
  150  9:12  Marine  
  150  9:13  Widow Mine, Marauder  
  155  9:18  Medivac, SCV x2  
  155  9:19  SCV  
  160  9:27  Medivac  
  160  9:30  SCV x2  
  164  9:31  SCV  
  164  9:32  Ghost  
  164  9:35  Command Center  
  164  9:36  Ghost  
  164  9:37  Ghost  
  171  9:42  SCV x2  
  172  9:59  Barracks Tech Lab  
  172  10:07  Supply Depot  
  172  10:09  Supply Depot  
  172  10:11  Starport  
  172  10:12  Supply Depot, Refinery  
  172  10:13  Ghost, Refinery  
  173  10:15  Ghost  
  173  10:17  Barracks Tech Lab  
  173  10:18  Barracks Tech Lab  
  172  10:28  Ghost, Viking x2  
  172  10:32  Marauder  
  176  10:37  Marine  
  176  10:38  Marauder  
  174  10:43  Marauder, Ghost, Marine  
  174  10:44  Marauder, Marine  
  174  10:46  Planetary Fortress  
  174  10:49  Command Center  
  181  10:54  Marauder  
  181  10:56  Sensor Tower, Missile Turret  
  183  10:57  Marauder  
  183  10:58  Viking  
  183  11:03  Terran Ship Weapons Level 1  
  187  11:06  Viking  
  188  11:12  Marine  
  188  11:13  Marauder  
  188  11:14  Marauder, Marine  
  188  11:15  Marine  
  188  11:16  Marauder  
  188  11:18  Marauder, Marine  
  193  11:19  Marauder, Marine  
  182  11:28  Viking  
  182  11:30  Marine  
  182  11:31  Viking  
  182  11:32  Marine  
  179  11:33  Marine  
  179  11:34  Marauder  
  179  11:35  Personal Cloaking  
  179  11:36  Marauder, Marine  
  179  11:37  Marauder x2  
  179  11:38  Viking  
  179  11:39  Marine  
  190  11:40  Viking, Marine  
  193  11:55  Marauder  
  193  11:57  Marauder  
  193  11:58  Marauder  
  199  12:05  Starport, Fusion Core  
  198  12:31  Terran Infantry Weapons Level 3  
  198  12:34  Command Center x2  
  198  12:35  Terran Infantry Armor Level 3, Command Center  
  196  12:42  Planetary Fortress  
  196  12:44  Missile Turret  
  196  12:46  Sensor Tower  
  196  12:48  Viking  
  196  12:49  Starport Tech Lab  
  197  13:07  Ghost x2  
  197  13:10  Ghost Academy, Advanced Ballistics  
  197  13:12  Ghost Academy  
  191  13:13  Ghost Academy  
  191  13:14  Viking x3  
  197  13:20  Refinery  
  197  13:21  Refinery  
  197  13:24  Viking  
  199  13:34  Nuke  
  198  13:48  Command Center  
  198  13:52  Viking  
  198  14:00  Viking  
  198  14:01  Nuke  
  198  14:02  Nuke x2, Viking  
  194  14:06  Orbital Command x3  
  194  14:14  Viking  
  199  14:27  Terran Ship Weapons Level 2  
  195  14:39  Ghost  
  195  14:40  Liberator  
  195  14:41  Liberator x4  
  195  14:45  Ghost x5  
  185  14:51  Marine  
  170  15:03  Planetary Fortress  
  170  15:07  Marine x3  
  170  15:08  Ghost  
  170  15:09  Marine  
  176  15:14  Marauder x5  
  176  15:16  Nuke x2  
  176  15:17  Missile Turret  
  186  15:25  Marine x3  
  186  15:27  Marine  
  188  15:35  Marine  
  188  15:36  Marauder, Nuke  
  200  15:42  Command Center  
  200  15:43  Marauder, Command Center  
  200  15:50  Marauder  
  200  15:52  Medivac x3  
  200  15:53  Marine  
  200  16:11  Nuke  
  200  16:12  Neosteel Armor  
  200  16:13  Command Center  
  200  16:16  Command Center  
  200  16:28  Marine  
  200  16:29  Marauder  
  200  16:30  Marine  
  200  16:31  Marauder, Marine  
  200  16:32  Marauder  
  190  16:33  Marauder, Marine  
  169  16:46  Marine  
  148  16:47  Liberator x5  
  136  17:05  Ghost, Marine x7  
  136  17:07  Marauder, Marine  
  143  17:09  Orbital Command x2  
  143  17:10  Refinery  
  143  17:11  Refinery  
  143  17:23  Marine  
  143  17:24  Marine  
  143  17:25  Marauder x2  
  149  17:33  Marine  
  149  17:34  Marauder  
  152  17:39  Marine  
  152  17:40  Marauder  
  178  18:06  Ghost  
  178  18:07  Ghost x5  
  164  18:14  Viking x5  
  164  18:16  Orbital Command  
  164  18:17  Starport  
  169  18:24  Terran Ship Weapons Level 3  
  169  18:25  Nuke x3  
  169  18:35  Ghost x4  
  169  18:38  Missile Turret x2  
  169  18:39  Ghost  
  179  18:44  Viking x5  
  187  18:57  Starport Reactor  
  187  19:12  Ghost  
  187  19:16  Medivac x5  
  199  19:26  Planetary Fortress  
  199  19:35  Unknown  
  199  19:49  Unknown  
  194  19:55  Ghost  
  182  20:13  Ghost  
  166  20:23  Ghost x4  
  166  20:24  Ghost, Viking x7  
  166  20:27  Marine x2  
  166  20:28  Marine  
  160  20:38  Marine  
  160  20:41  Ghost  
  154  20:45  Marine  
  151  20:50  Nuke x3  
  151  20:52  Marauder x2  
  151  20:53  Marauder  
  151  20:54  Viking x3, Marine x2  
  151  20:55  Marine  
  173  21:15  Viking x4  
  173  21:17  Ghost x4  
  182  21:22  Unknown  
  182  21:23  Ghost  
  182  21:24  Viking  
  186  21:27  Command Center  
  186  21:28  Ghost  
  185  21:33  Command Center  
  185  21:38  Marine  
  176  21:41  Viking  
  176  21:46  Ghost  
  184  21:47  Marauder x2  
  184  21:53  Viking  
  186  21:56  Command Center  
  186  21:59  Marine  
  186  22:00  Marauder, Marine  
  186  22:01  Marauder x2  
  194  22:09  Marine  
Tags
 
Add a new tag
Caveats
  • Supply blocks, unpowered buildings, or Contaminate may cause inaccurate times.
  • Supply counts are checked every 10 seconds.